 Dungeon Crawl Stone Soup version 0.30.1-10-g1249ef9ec4 (webtiles) character file.

Game seed: 892586185153374284

3143 lonewolfV2 the Party-goer (level 9, -6/99 HPs)
             Began as a Demonspawn Fighter on Oct 27, 2023.
             Was the Champion of Uskayaw.
             Mangled by a gnoll
             ... wielding a +0 halberd
              (8 damage)
             ... on level 6 of the Dungeon.
             The game lasted 00:12:53 (8199 turns).

lonewolfV2 the Party-goer (Demonspawn Fighter)      Turns: 8199, Time: 00:12:53

Health: -6/99      AC: 24    Str: 21    XL:     9   Next: 62%
Magic:  0/16       EV:  2    Int: 10    God:    Uskayaw [******]
Gold:   244        SH:  5    Dex: 12    Spells: 8/8 levels left

rFire   . . .        a - +1 war axe
rCold   . . .        c - +1 buckler
rNeg    . . .        b - melded +0 scale mail
rPois   +            (helmet currently unavailable)
rElec   .            (cloak currently unavailable)
rCorr   .            (gloves currently unavailable)
SInv    .            f - melded +0 pair of boots of the End {rElec Str+3 Int-2 Dex+4}
Will    .....        s - amulet of magic regeneration
Stlth   +            (no ring)
HPRegen 0.36/turn    (no ring)
MPRegen 0.70/turn

%: guardian spirit
@: tree-form, hasted, very quick
A: stationary, stasis, torment immunity, boosted hp, rugged brown scales 2,
magic shield, magic regeneration, (weakness stinger 1), (antennae 1)
a: Renounce Religion, Stomp, Line Pass, Grand Finale


You were on level 6 of the Dungeon.
You worshipped Uskayaw.
Uskayaw was aware of your devotion.
You were a tree.
You visited 2 branches of the dungeon, and saw 7 of its levels.
You also visited: Sewer.

You collected 244 gold pieces.

Inventory:

Hand Weapons
 a - a +1 war axe (weapon)
Armour
 b - a +0 scale mail (melded)
 c - a +1 buckler (worn)
 f - the +0 pair of boots of the End (melded) {rElec Str+3 Int-2 Dex+4}
   (You acquired it on level 5 of the Dungeon)

   Str:       It affects your strength (+3).
   Int:       It affects your intelligence (-2).
   Dex:       It affects your dexterity (+4).
   rElec:     It insulates you from electricity.
 l - a +0 pair of boots
Jewellery
 s - an amulet of magic regeneration (around neck)
Scrolls
 h - 3 scrolls of noise
 j - 3 scrolls of identify
 k - a scroll of magic mapping
 o - 2 scrolls of enchant armour
Potions
 d - a potion of lignification
 e - 4 potions of haste
 i - 2 potions of attraction
 n - a potion of flight


   Skills:
 - Level 3.0 Fighting
 - Level 1.7 Axes
 + Level 7.5 Armour
 + Level 7.5 Dodging
 - Level 2.6 Shields
 + Level 9.8 Invocations


You had 8 spell levels left.
You didn't know any spells.
Your spell library contained the following spells:

 Spells                   Type           Power      Damage    Failure   Level
 Blink                    Tloc           0%         N/A       56%         2
 Cigotuvi's Dreadful Rot  Necr/Pois/Air  0%         N/A       56%         2
 Ensorcelled Hibernation  Hex/Ice        0%         N/A       56%         2
 Lesser Beckoning         Tloc           0%         N/A       56%         2
 Momentum Strike          Conj/Tloc      0%         3d8       56%         2
 Poisonous Vapours        Pois/Air       0%         N/A       56%         2
 Ignite Poison            Fire/Tmut/Pois 0%         N/A       80%         3
 Mephitic Cloud           Conj/Pois/Air  0%         N/A       80%         3
 Spider Form              Tmut/Pois      0%         N/A       80%         3
 Anguish                  Hex/Necr       0%         N/A       99%         4
 Freezing Cloud           Conj/Ice/Air   0%         6-21      100%        5


Dungeon Overview and Level Annotations

Branches:
Dungeon (6/15)             Temple (1/1) D:5           Sewer (visited)

Altars:
Cheibriados
Dithmenos
Gozag
Hepliaklqana
Kikubaaqudgha
Makhleb
Okawaru
Ru
Sif Muna
Trog
Uskayaw
Vehumet
Wu Jian
Xom
Yredelemnul

Shops:
D:2 (   D:5 =

Annotations:
D:5 2 transporters


Innate Abilities, Weirdness & Mutations

You are a tree.
Your roots penetrate the ground, keeping you stationary.
You cannot be teleported.
You are immune to unholy pain and torment.
Your maximum health is greatly increased.
Your equipment is partially melded.
(You are mostly covered in rugged brown scales. (AC +2, +5% HP))
When hurt, damage is shared between your health and your magic reserves.
You regenerate magic rapidly.
((You have a small tail.))
((You have a pair of small antennae on your head.))


Message History

The gnoll barely misses you.
The gnoll throws a stone.
The stone hits you but does no damage. Eustachio hits you but does no damage.
You hit Eustachio.
Eustachio is severely wounded.
The gnoll hits you but does no damage. x2; Eustachio zaps a wand.
The puff of flame hits you.
* * * LOW HITPOINT WARNING * * *
You feel as though your hastened speed will last longer.
Eustachio is no longer sharing his pain.
You block the gnoll's attack.
The gnoll hits you from afar with a +0 halberd.
* * * LOW HITPOINT WARNING * * *
Eustachio zaps a wand.
The puff of flame hits you.
* * * LOW HITPOINT WARNING * * *
You slash Eustachio!
Eustachio is almost dead.
The gnoll hits you from afar with a +0 halberd.
* * * LOW HITPOINT WARNING * * *
The gnoll hits you but does no damage. Eustachio hits you with a +0 rapier.
You barely miss Eustachio.
Eustachio is almost dead.
The gnoll hits you but does no damage.
The gnoll throws a stone.
The stone barely misses you. Eustachio hits you but does no damage.
Okay, then.
You barely miss Eustachio.
Eustachio is almost dead.
The gnoll throws a stone.
The stone hits you but does no damage. You block Eustachio's attack.
The gnoll hits you but does no damage.
You closely miss Eustachio.
Eustachio is almost dead.
You block the gnoll's attack. The gnoll hits you but does no damage.
Eustachio hits you but does no damage.
You slash Eustachio!
You kill Eustachio!
The quokka disappears in a puff of smoke!
The bat disappears in a puff of smoke!
The gnoll hits you from afar with a +0 spear.
* * * LOW HITPOINT WARNING * * *
The gnoll hits you from afar with a +0 halberd!
You die...

.. .. .# ###. #.# #
##/..####..#
#.#....#=....
#.#§55.#...#
#.....##.$.#
#######†###g.###.##
..$....§)♣)).......
#######§###g####..##
##.##.{........
#...#..####..#.
###.#........[..
?........####<....
#######..####......#
#............#
#..####.##.#.#


You could see 2 gnolls.

Vanquished Creatures
  Sigmund (D:2)
  Eustachio (D:6)
  Menkaure (D:4)
  Edmund (D:4)
  2 ice beasts (D:5)
  A sky beast (D:5)
  A black bear (D:5)
  3 ogres
  A centaur (D:6)
  A phantom (D:6)
  A kobold brigand (Sewer)
  A bullfrog (D:6)
  A scorpion (D:6)
  An elf skeleton (D:4)
  5 killer bees (D:6)
  9 wights (D:6)
  2 human zombies (D:4)
  5 hounds
  3 jellies
  5 orc priests
  A gnoll bouda (D:5)
  Natasha (thrice) (D:2)
  2 human skeletons (D:4)
  4 iguanas
  2 orc wizards
  5 gnolls
  Robin (D:3)
  10 adders
  5 river rats
  A shadow imp (D:5)
  A white imp (D:6)
  An ufetubus (D:5)
  4 worms
  A dart slug (D:4)
  4 orcs
  4 endoplasms
  4 giant cockroaches
  14 goblins
  9 hobgoblins
  6 jackals (D:5)
  9 kobolds
  2 quokkas (D:1)
  8 ball pythons
  3 bats
  5 frilled lizards
  An orc zombie (D:4)
  9 rats
165 creatures vanquished.

Notes
Turn   | Place    | Note
-------+----------+-------------------------------------------
     0 | D:1      | lonewolfV2 the Demonspawn Fighter began the quest for the
                  | Orb.
     0 | D:1      | Reached XP level 1. HP: 18/18 MP: 1/1
   150 | D:1      | Reached skill level 1 in Dodging
   150 | D:1      | Reached skill level 1 in Invocations
   150 | D:1      | Gained mutation: You are partially covered in rugged brown
                  | scales. (AC +1, +3% HP) [demonic ancestry]
   150 | D:1      | Reached XP level 2. HP: 10/24 MP: 2/2
   845 | D:2      | Found Basmyexu's Weapon Shoppe.
   992 | D:2      | Noticed Sigmund
  1008 | D:2      | Killed Sigmund
  1009 | D:2      | Reached skill level 3 in Invocations
  1009 | D:2      | Gained mutation: You have a small tail. [demonic ancestry]
  1009 | D:2      | Reached XP level 3. HP: 26/29 MP: 3/5
  1009 | D:2      | Gained mutation: You regenerate magic rapidly. [demonic
                  | ancestry]
  1009 | D:2      | Reached XP level 4. HP: 33/36 MP: 3/6
  1009 | D:2      | Reached XP level 5. HP: 38/42 MP: 3/7
  1150 | D:2      | Noticed Natasha
  1158 | D:2      | Killed Natasha
  1478 | D:2      | Noticed Natasha
  1491 | D:2      | Killed Natasha
  1492 | D:2      | Gained mutation: When hurt, damage is shared between your
                  | health and your magic reserves. [demonic ancestry]
  1492 | D:2      | Reached XP level 6. HP: 38/48 MP: 8/8
  1599 | D:2      | Noticed Natasha
  1611 | D:2      | Killed Natasha
  1923 | D:3      | Noticed Robin
  1937 | D:3      | Killed Robin
  2240 | D:3      | Reached skill level 4 in Invocations
  2347 | D:3      | You fall into a shaft and drop 2 floors!
  2347 | D:5      | Entered Level 5 of the Dungeon
  2351 | D:5      | Found a transporter.
  2352 | D:5      | Noticed an ice beast
  2377 | D:5      | Killed an ice beast
  2776 | D:5      | Gained mutation: You are mostly covered in rugged brown
                  | scales. (AC +2, +5% HP) [demonic ancestry]
  2776 | D:5      | Reached XP level 7. HP: 20/54 MP: 5/10
  3099 | D:5      | Found a staircase to the Ecumenical Temple.
  3108 | Temple   | Entered the Ecumenical Temple
  3255 | Temple   | Became a worshipper of Uskayaw the Reveller
  3344 | D:4      | Reached * piety under Uskayaw
  3377 | D:4      | Reached ** piety under Uskayaw
  3380 | D:4      | Reached skill level 5 in Invocations
  3483 | D:4      | Found a glowing drain.
  3491 | Sewer    | Entered a sewer
  4004 | D:4      | Noticed Menkaure
  4035 | D:4      | Killed Menkaure
  4036 | D:4      | Reached skill level 5 in Armour
  4036 | D:4      | Reached skill level 5 in Dodging
  4078 | D:4      | Reached skill level 6 in Invocations
  4194 | D:4      | Reached *** piety under Uskayaw
  4618 | D:4      | Noticed Edmund
  4634 | D:4      | Killed Edmund
  4635 | D:4      | Reached XP level 8. HP: 22/60 MP: 2/12
  5253 | D:4      | Reached skill level 7 in Invocations
  5713 | D:5      | Found a transporter.
  5753 | D:5      | Gained mutation: Your flesh is heat resistant. (rF+)
                  | [potion of mutation]
  5754 | D:5      | Lost mutation: Your flesh is heat resistant. (rF+) [potion
                  | of mutation]
  5754 | D:5      | Gained mutation: You have a pair of small antennae on your
                  | head. [potion of mutation]
  5772 | D:5      | Found Peraggut's Jewellery Emporium.
  6405 | D:5      | Found an iron altar of Okawaru.
  6445 | D:5      | Reached **** piety under Uskayaw
  6617 | D:5      | Identified a scroll of acquirement
  6617 | D:5      | Acquired the +0 pair of boots of the End {rElec Str+3 Int-2
                  | Dex+4}
  6637 | D:5      | Reached skill level 8 in Invocations
  7137 | D:6      | Reached XP level 9. HP: 51/63 MP: 8/15
  7825 | D:6      | Reached skill level 9 in Invocations
  7831 | D:6      | Reached ***** piety under Uskayaw
  8153 | D:6      | Noticed Eustachio
  8176 | D:6      | Reached ****** piety under Uskayaw
  8194 | D:6      | HP: 4/99 [gnoll/+0 halberd (2)]
  8195 | D:6      | HP: 1/99 [gnoll/+0 halberd (2)]
  8199 | D:6      | Killed Eustachio
  8199 | D:6      | Mangled by a gnoll

Illustrated notes

Levels and vault maps discovered:
D:1:      co_arrival_hall_of_pillars, layout_basic
D:2:      layout_loops_corners, serial_shops, nicolae_shop_rolling_square,
          uniq_natasha, uniq_sigmund
D:3:      layout_basic, serial_bayou_pond_b, minmay_misc_feat_enclosed,
          minivault_23, uniq_robin
D:4:      layout_loops_cross, nicolae_ossuary_entry_catacombs,
          lightli_sewer_entry_pipes, due_unseen_surprise, uniq_edmund,
          uniq_menkaure
D:5:      gammafunk_steamed_eel, layout_loops_ring,
          mainiacjoe_overflow_brackets, minmay_temple_entry_crystal_x,
          serial_shops, shop
D:6:      old_forge, layout_loops_ring, roderic_roman_lattice, minmay_bent,
          uniq_eustachio
Temple:   mainiacjoe_temple_bowtie_tessellation

Skill      XL: |  1  2  3  4  5  6  7  8  9 |
---------------+----------------------------+-----
Dodging        | 1 3 4 5 6 7 |  7.5
Invocations    | 1 3 4 6 8 9 |  9.8
Armour         | 3 4 5 6 7 |  7.5
Fighting       | |  3.0
Axes           | |  1.7
Shields        | |  2.6

Action                     |  1- 3 |  4- 6 |  7- 9 || total
---------------------------+-------+-------+-------++-------
  Melee: War axe           |    64 |   109 |   476 ||   649
         Tailslap          |       |    10 |    50 ||    60
 Invoke: Stomp             |       |       |     4 ||     4
    Use: Potion            |     3 |     2 |    17 ||    22
         Scroll            |     3 |     2 |     9 ||    14
   Stab: Paralysed         |       |       |    22 ||    22
 Armour: Scale mail        |    33 |    56 |   205 ||   294
         Skin              |       |       |    14 ||    14
  Dodge: Dodged            |    33 |    65 |   320 ||   418
  Block: Buckler           |    19 |    40 |   163 ||   222
